Map: Oxide LE

Players

TeebuL - Winner!

  • Race: Protoss Protoss

Demi

  • Race: Zerg Zerg

Event: DreamHack SC2 Masters 2021 Winter

VOD

Have the link to the VOD?

Description

Time

  • Played on: Oct. 1, 2021, 5:18 a.m.
  • Length: 18:59

All games in this series

Show
View Real Time Build Order
Export as new Build Order

TeebuL Protoss - Winner!

Build Orders: 1 Gate Expand, Mass Adepts, Zealot Archon 

Get SALT Encoding   

  12  0:00  Probe  
  13  0:12  Probe  
  14  0:18  Pylon  
  14  0:24  Probe (Chrono Boost)  
  15  0:37  Gateway, Probe (Chrono Boost)  
  16  0:45  Probe (Chrono Boost)  
  16  0:48  Assimilator  
  17  0:51  Probe  
  18  1:03  Probe  
  19  1:15  Probe  
  20  1:23  Nexus  
  20  1:32  Cybernetics Core  
  20  1:35  Probe  
  21  1:40  Assimilator  
  21  1:47  Probe  
  21  1:52  Pylon  
  22  1:59  Probe  
  23  2:07  Stalker (Chrono Boost)  
  23  2:09  Warp Gate  
  23  2:11  Probe (Chrono Boost)  
  26  2:22  Probe (Chrono Boost)  
  26  2:26  Probe (Chrono Boost)  
  26  2:28  Twilight Council  
  27  2:32  Adept  
  27  2:35  Probe  
  30  2:38  Probe  
  31  2:47  Probe  
  31  2:50  Probe  
  33  2:55  Gateway  
  33  2:59  Probe  
  33  3:03  Resonating Glaives (Chrono Boost), Gateway  
  33  3:05  Probe  
  35  3:14  Probe  
  35  3:16  Adept  
  35  3:18  Probe  
  39  3:23  Pylon  
  39  3:26  Probe  
  40  3:31  Probe  
  41  3:38  Probe  
  42  3:43  Probe  
  43  3:50  Probe  
  43  3:55  Probe  
  45  3:58  Nexus  
  45  4:00  Pylon  
  45  4:03  Adept x2  
  45  4:04  Adept  
  45  4:07  Probe  
  45  4:08  Probe  
  53  4:12  Pylon  
  53  4:19  Probe  
  53  4:23  Probe  
  55  4:25  Adept x3  
  55  4:30  Assimilator  
  61  4:33  Assimilator, Probe  
  62  4:41  Probe  
  62  4:45  Robotics Facility  
  63  4:47  Adept x3  
  63  4:49  Probe  
  70  4:59  Probe  
  69  5:01  Probe  
  69  5:03  Gateway  
  69  5:04  Gateway  
  69  5:05  Gateway  
  70  5:11  Probe  
  70  5:13  Probe  
  72  5:17  Charge (Chrono Boost)  
  73  5:21  Probe  
  73  5:29  Gateway  
  73  5:30  Gateway  
  73  5:31  Probe x2  
  73  5:32  Sentry x2  
  73  5:33  Sentry  
  81  5:37  Warp Prism  
  81  5:39  Probe  
  84  5:46  Pylon  
  84  5:49  Probe  
  85  5:51  Pylon  
  85  5:54  Pylon  
  85  5:55  Templar Archives  
  85  6:04  Probe x2  
  85  6:06  Probe  
  85  6:10  Pylon  
  88  6:15  Shield Battery  
  88  6:16  Probe x2  
  90  6:19  Probe  
  91  6:28  Probe  
  91  6:29  Probe  
  91  6:32  High Templar x4  
  101  6:34  Pylon  
  101  6:35  Pylon  
  101  6:36  Archon x2  
  101  6:37  Immortal (Chrono Boost)  
  105  6:43  Pylon  
  105  6:44  Forge  
  105  6:48  Pylon  
  105  6:49  Zealot x4, Pylon  
  113  6:57  Probe x3  
  113  6:58  Protoss Ground Weapons Level 1 (Chrono Boost)  
  113  7:00  Assimilator  
  116  7:04  Assimilator  
  116  7:07  Pylon  
  116  7:09  Probe  
  117  7:17  Zealot x2  
  117  7:18  Immortal (Chrono Boost), Zealot x6  
  123  7:43  Robotics Bay  
  113  7:45  Blink  
  113  7:46  Robotics Facility  
  113  7:47  Immortal (Chrono Boost)  
  117  7:56  Shield Battery  
  117  8:02  Photon Cannon  
  117  8:10  Stalker x2  
  117  8:11  Stalker x6  
  133  8:20  Pylon x2  
  133  8:30  Disruptor (Chrono Boost)  
  133  8:33  Observer (Chrono Boost)  
  137  8:37  Zealot x8  
  152  8:58  Zealot x8  
  152  9:02  Protoss Ground Weapons Level 2 (Chrono Boost)  
  164  9:03  Disruptor x2 (Chrono Boost)  
  164  9:20  Zealot x6  
  164  9:21  Zealot x2  
  176  9:31  Disruptor  
  133  9:46  Disruptor  
  133  9:47  Nexus  
  123  9:54  Pylon  
  123  9:56  Stalker x7  
  137  10:07  Stalker  
  137  10:12  Photon Cannon  
  139  10:17  Disruptor  
  139  10:19  Stalker x3  
  139  10:21  Sentry x2  
  148  10:44  Stalker x7  
  160  10:53  Zealot  
  160  10:54  Shield Battery  
  160  11:07  Zealot x4  
  160  11:08  Zealot x3  
  156  11:21  Disruptor  
  154  11:26  Disruptor  
  151  11:34  Zealot x7  
  141  11:57  Disruptor  
  136  12:02  Stalker x4, Disruptor  
  136  12:03  Stalker x4  
  136  12:05  Probe  
  154  12:07  Assimilator  
Show
View Real Time Build Order
Export as new Build Order

Demi Zerg 

Build Orders: Hatch First 

Get SALT Encoding   

  12  0:00  Drone  
  13  0:12  Overlord  
  13  0:17  Drone  
  14  0:30  Drone x2  
  16  0:47  Hatchery  
  15  0:51  Drone  
  15  0:55  Drone  
  17  0:58  Drone  
  18  1:08  Extractor  
  17  1:13  Spawning Pool  
  17  1:16  Drone  
  17  1:19  Drone  
  18  1:28  Drone  
  19  1:40  Drone  
  20  1:49  Overlord  
  20  1:59  Queen  
  20  2:00  Queen  
  20  2:01  Zergling x4  
  26  2:10  Drone x2  
  26  2:12  Metabolic Boost  
  28  2:21  Drone x2  
  30  2:34  Hatchery  
  30  2:37  Drone  
  30  2:40  Drone  
  31  2:46  Queen  
  31  2:50  Drone x2  
  35  2:59  Drone  
  36  3:13  Overlord x2  
  36  3:15  Overlord  
  36  3:30  Queen  
  36  3:31  Drone x3  
  36  3:33  Drone x3, Queen  
  46  3:41  Drone x4  
  48  3:44  Roach Warren  
  48  3:46  Drone  
  50  3:49  Extractor  
  50  3:50  Queen  
  50  3:53  Drone  
  50  3:54  Drone  
  53  3:59  Drone x2  
  53  4:00  Overlord  
  55  4:06  Overlord  
  55  4:21  Drone x3  
  55  4:23  Spore Crawler  
  57  4:24  Spore Crawler  
  57  4:27  Roach x5  
  57  4:30  Overlord  
  66  4:36  Queen  
  68  4:41  Zergling x2, Roach  
  68  4:42  Zergling x4  
  68  4:43  Zergling x2  
  73  4:48  Zergling x6  
  73  4:52  Spore Crawler  
  75  4:56  Zergling x2  
  75  4:57  Zergling x6  
  79  5:05  Overlord x2  
  79  5:08  Overlord  
  79  5:10  Overlord  
  79  5:12  Lair  
  79  5:17  Drone  
  79  5:18  Drone x2  
  82  5:25  Drone x4  
  82  5:26  Extractor  
  82  5:27  Extractor  
  83  5:31  Roach  
  83  5:32  Zergling x2, Roach  
  88  5:37  Drone  
  89  5:43  Drone x2  
  89  5:44  Drone x3  
  89  5:49  Extractor  
  93  5:52  Drone x2  
  93  5:54  Drone  
  93  5:55  Drone x3  
  99  6:00  Evolution Chamber  
  99  6:03  Drone x3  
  101  6:06  Drone  
  101  6:09  Drone, Glial Reconstitution  
  105  6:14  Drone  
  105  6:15  Drone x2  
  106  6:20  Extractor  
  106  6:24  Drone x2  
  106  6:25  Drone x4  
  110  6:28  Zerg Missile Weapons Level 1  
  110  6:30  Overseer  
  110  6:32  Overlord x2  
  110  6:45  Hatchery  
  109  6:47  Infestation Pit  
  109  6:48  Roach x2  
  109  6:53  Overlord x3  
  112  6:55  Zergling x2, Roach x3  
  112  7:00  Ravager x4  
  123  7:02  Roach x3  
  128  7:09  Overlord  
  128  7:10  Overlord x2  
  128  7:12  Roach  
  128  7:13  Roach  
  134  7:15  Roach  
  134  7:16  Roach  
  134  7:21  Roach x3  
  140  7:27  Roach x2  
  138  7:35  Roach x6  
  142  7:39  Roach  
  142  7:40  Roach  
  142  7:41  Hive  
  142  7:42  Drone  
  141  7:46  Drone  
  141  7:47  Drone x2  
  144  7:53  Overlord  
  144  7:57  Drone x2  
  146  7:59  Drone x2  
  146  8:04  Hydralisk Den  
  147  8:06  Hatchery  
  147  8:10  Overseer  
  146  8:13  Drone x2  
  146  8:14  Drone  
  146  8:17  Overlord x2  
  149  8:21  Overseer  
  149  8:24  Pneumatized Carapace  
  149  8:27  Drone x4  
  149  8:28  Drone  
  149  8:32  Drone  
  155  8:35  Muscular Augments  
  155  8:36  Lurker Den  
  155  8:39  Hydralisk x2  
  155  8:40  Hydralisk x4  
  166  8:45  Zerg Missile Weapons Level 2  
  166  8:52  Roach x4  
  166  8:55  Overlord x2  
  169  9:05  Extractor  
  169  9:06  Extractor  
  158  9:13  Zergling x2, Roach x8  
  169  9:19  Roach  
  169  9:23  Roach x3  
  164  9:33  Zergling x10  
  165  9:39  Roach  
  154  9:52  Drone x2  
  140  10:01  Grooved Spines  
  140  10:02  Drone x3  
  140  10:05  Lair  
  141  10:07  Hatchery  
  141  10:09  Ravager x3  
  141  10:10  Ravager  
  141  10:11  Zergling x2  
  141  10:12  Zergling x10  
  150  10:22  Hydralisk x2  
  150  10:23  Zergling x10  
  159  10:33  Roach  
  160  10:39  Hydralisk  
  162  10:49  Overlord x2  
  160  10:53  Drone x3  
  160  10:54  Drone x3  
  158  10:59  Hydralisk  
  134  11:21  Roach  
  134  11:22  Roach x9  
  131  11:37  Roach x4  
  132  11:44  Roach x2  
  119  11:52  Roach x2  
  119  11:53  Roach x5  
  123  12:00  Queen  

Tags
 
Add a new tag
Caveats
  • Supply blocks, unpowered buildings, or Contaminate may cause inaccurate times.
  • Supply counts are checked every 10 seconds.